 Dungeon Crawl Stone Soup version 0.31-a0-188-g5e087ee2ca (webtiles) character file.

Game seed: 18136636767395553929

66 qw the Shooter (level 3, -8/20 HPs)
             Began as a Deep Elf Hunter on June 23, 2023.
             Mangled by an ice beast (9 damage)
             ... on level 2 of the Dungeon.
             The game lasted 00:00:25 (989 turns).

qw the Shooter (Deep Elf Hunter)                     Turns: 989, Time: 00:00:26

Health: -8/20      AC:  6    Str:  8 (10) XL:     3   Next: 96%
Magic:  5/5        EV: 10    Int: 11 (13) God:
Gold:   63         SH:  0    Dex: 15 (18) Spells: 2/2 levels left

rFire   . . .        Y - +1 shortbow (freeze)
rCold   . . .        (shield currently unavailable)
rNeg    . . .        d - +0 ring mail
rPois   .            (no helmet)
rElec   .            f - +0 cloak
rCorr   .            (no gloves)
SInv    .            (no boots)
Will    .....        b - amulet of faith
Stlth   +            (no ring)
HPRegen 0.23/turn    (no ring)
MPRegen 0.09/turn

%: faith
@: no status effects
A: no striking features
a: no special abilities


You were on level 2 of the Dungeon.
You visited 1 branch of the dungeon, and saw 3 of its levels.

You collected 63 gold pieces.


   Skills:
 - Level 1.5 Fighting
 + Level 7.4 Ranged Weapons
 - Level 2.4 Dodging
 - Level 1.2 Stealth


You had 2 spell levels left.
You didn't know any spells.
Your spell library was empty.

Inventory:

Hand Weapons
 Y - a +1 shortbow of freezing (weapon)
Armour
 d - a +0 ring mail (worn)
 f - a +0 cloak (worn)
Jewellery
 b - an amulet of faith (around neck)

Dungeon Overview and Level Annotations

Branches:
Dungeon (3/15)

Altars:


Message History

(D) Dungeon
Where to? (* - list waypoints, Enter - D:2, ? - help)
What level of the Dungeon? (default 1, ? - help)
You swap places.
There is a stone staircase leading down here.
You climb downwards.
Your summoned ally is left behind.
Found an escape hatch in the floor.
There is a stone staircase leading up here.
There are monsters nearby!
Waypoint 2 assigned to D:3.
You shoot an arrow. The arrow hits the kobold!
The arrow freezes the kobold.
You kill the kobold!
You shoot an arrow. The arrow closely misses the ice beast.
You shoot an arrow. The arrow closely misses the ice beast.
The ice beast hits you but does no damage.
You shoot an arrow. The arrow hits the ice beast.
The ice beast is moderately wounded.
The ice beast hits you. The ice beast freezes you!
Ouch! That really hurt!
986 ||| STAIRDANCE The ice beast hits you but does no damage.
You climb upwards.
There is a stone staircase leading down here.
Enter note:
Enter note:
Enter note:
Enter note:
Enter note:
Enter note:
Enter note:
Enter note:
Enter note:
988 ||| DRINKING potion of heal wounds.
You feel much better. The ice beast closely misses you.
You shoot an arrow. The arrow hits the ice beast.
The ice beast is moderately wounded.
The ice beast hits you. The ice beast freezes you!
Ouch! That really hurt!
The ice beast hits you. The ice beast freezes you!
You die...

#.####..#.#...#######.#######
#............................
######..#.#.#########.#######
#......# #.#
#.##.###########.#
###.##.###......)..#
#...........#.####.#
#.########Y#.#####.# #.#
#....@.........### #.#
#.####.#.##......# #.# #.#
#.#.....###.##### #.# #.#
##......<# #...... #.# #.#
#........###......
#.###.###............##.#.
#....#..........#######.#.
#####.###.#####.######....
#.##...####........#..


You could see an ice beast.

Vanquished Creatures
  2 adders (D:2)
  A dart slug (D:2)
  7 bats (D:1)
  5 endoplasms
  4 giant cockroaches
  6 goblins
  4 hobgoblins (D:1)
  A kobold (D:3)
  A quokka (D:1)
  4 ball pythons
  2 frilled lizards (D:1)
  5 rats
42 creatures vanquished.

Notes
Turn   | Place    | Note
-------+----------+-------------------------------------------
     0 | D:1      | qw the Deep Elf Hunter began the quest for the Orb.
     0 | D:1      | Reached XP level 1. HP: 12/12 MP: 3/3
     0 | D:1      | 0 ||| qw: Version: 0.3-a-9-g12657ce
     0 | D:1      | 0 ||| qw: Game counter: 3231
     0 | D:1      | 0 ||| qw: Always use a shield: true
     0 | D:1      | 0 ||| qw: God list: Okawaru
     0 | D:1      | 0 ||| qw: Allow faded altars: false
     0 | D:1      | 0 ||| qw: Do Orc after D:15 true
     0 | D:1      | 0 ||| qw: Do second Lair branch before Depths: true
     0 | D:1      | 0 ||| qw: Lair rune preference: random
     0 | D:1      | 0 ||| qw: Plans: Normal
     0 | D:1      | 0 ||| PLANNING D:1-11
    29 | D:1      | Found a faded altar of an unknown god.
   132 | D:1      | Reached skill level 6 in Ranged Weapons
   132 | D:1      | Reached XP level 2. HP: 16/16 MP: 4/4
   246 | D:1      | Reached XP level 3. HP: 20/20 MP: 5/5
   288 | D:1      | 288 ||| UPGRADING to +0 ring mail.
   298 | D:1      | 298 ||| DROPPING +0 leather armour.
   299 | D:1      | 299 ||| DRINKING 2 inky potions.
   300 | D:1      | 300 ||| DRINKING 2 fuming silvery potions.
   301 | D:1      | 301 ||| DROPPING scroll of butterflies.
   302 | D:1      | 302 ||| DROPPING potion of degeneration.
   418 | D:2      | Reached skill level 7 in Ranged Weapons
   953 | D:2      | 953 ||| UPGRADING to +0 cloak.
   958 | D:2      | 958 ||| UPGRADING to amulet of faith.
   963 | D:2      | 963 ||| READING scroll labelled FUAMAK VOLL.
   964 | D:2      | 964 ||| READING scroll labelled FUNGENT LEOTA.
   965 | D:2      | 965 ||| READING scroll labelled FYPNOFREGYM.
   981 | D:3      | Noticed an ice beast
   985 | D:3      | HP: 3/20 [ice beast (14)]
   986 | D:3      | 986 ||| STAIRDANCE
   988 | D:2      | 988 ||| DRINKING potion of heal wounds.
   989 | D:2      | HP: 1/20 [ice beast (3)]
   989 | D:2      | Mangled by an ice beast

Levels and vault maps discovered:
D:1:      minmay_arrival_radiant_lines, layout_rooms, basic_ecumenical_altar
D:2:      layout_loops_ring
D:3:      gammafunk_wand_slinger, layout_rooms, dk_vineyard_3,
          nicolae_concentric_dashed_squares_mild, grunt_ministairs_10,
          nicolae_grassy_gnolls

Skill      XL: |  1  2  3 |
---------------+----------+-----
Ranged Weapons | 6 7 |  7.4
Fighting       | |  1.5
Dodging        | |  2.4
Stealth        | |  1.2

Action                     || total
---------------------------++-------
   Fire: Shortbow          ||    88
    Use: Scroll            ||     3
         Potion            ||     3
 Armour: Leather armour    ||     4
         Ring mail         ||     3
  Dodge: Dodged            ||     6

Table legend:
 A = Non-vault XP
 B = Vault XP
 C = Vault XP percentage of total XP
 D = Non-vault monster count
 E = Vault monster count
 F = Vault count percentage of total count
                 A         B        C        D         E       F
            +---------+---------+-------+---------+---------+-------
      Total |      93 |       2 |   2.1 |      41 |       1 |   2.4
            +---------+---------+-------+---------+---------+-------
        D:1 |      44 |       0 |   0.0 |      28 |       0 |   0.0
        D:2 |      49 |       0 |   0.0 |      13 |       0 |   0.0
        D:3 |       0 |       2 | 100.0 |       0 |       1 | 100.0
            +---------+---------+-------+---------+---------+-------
